AoeStats
← Tom

Socotra

506093451Analyzed
2v2 RM · 21d ago on Sep 12, 2026· 52m 47s· 4 players
Game mode
Random Map
Map size
Tiny (2 player)
Population
200
Speed
Normal
Resources
Standard
Victory
Conquest
Starting age
Dark Age
Ending age
Imperial Age
RankedLock teamsTeams togetherTeam positionsShared explorationLock speedFull tech treeHidden civsTurbo modeCheats
Victory
Defeat
🇭🇰 Franks · Hong Kong SAR China
882
+14
🇳🇴 Lithuanians · Norway
852
+15
🇷🇺 Sicilians · Russia
1041
-22
🇷🇺 Mapuche · Russia
614
-7
Poiu ♡
10:48 Feudal Age
9:57 Loom
12:06 Double-Bit Axe
12:03 Horse Collar
19:53 Forging
23:50 Castle Age
22:26 Bloodlines
23:23 Stone Mining
23:27 Gold Mining
25:02 Husbandry
25:40 Iron Casting
26:02 Stone Shaft Mining
25:41 Bow Saw
25:38 Heavy Plow
26:38 Wheelbarrow
26:09 Light Cavalry
30:46 Scale Barding Armor
35:36 Chain Barding Armor
35:46 Hand Cart
35:34 Fletching
48:00 Bodkin Arrow
kenny
9:59 Feudal Age
16:12 Loom
21:16 Castle Age
22:35 Double-Bit Axe
24:13 Fletching
24:21 Gold Mining
41:06 Wheelbarrow
42:16 Forging
47:43 Scale Barding Armor
48:14 Iron Casting
48:33 Bow Saw
52:38 Imperial Age
52:06 Chain Barding Armor
Tom
4:52 Loom
13:01 Feudal Age
13:29 Horse Collar
13:37 Double-Bit Axe
22:00 Stone Mining
22:39 Gold Mining
26:42 Castle Age
25:16 Arson
25:45 Forging
25:36 Scale Mail Armor
27:16 Pikeman
28:16 Bow Saw
28:07 Heavy Plow
32:38 Stone Shaft Mining
32:39 Gold Shaft Mining
34:34 Wheelbarrow
Sumka_Volosni
4:19 Loom
12:32 Feudal Age
13:26 Double-Bit Axe
17:52 Arson
19:14 Horse Collar
26:48 Castle Age
27:02 Gold Mining
27:04 Stone Mining
27:10 Stone Mining
27:29 Pikeman
34:59 Fletching
50:09 Imperial Age
50:16 Forging
51:34 Bow Saw
Connection lost

Rejoining the realm…

Still unreachable

The connection could not be restored.

Session expired

The server has moved on; the page needs a fresh start.